 Dungeon Crawl Stone Soup version 0.31-a0-108-gdf935468f2 (webtiles) character file.

Game seed: 12536598483719575046

1693754 Sobieck the Archmage (level 26, 163/163 HPs)
             Began as a Deep Elf Conjurer on May 27, 2023.
             Was the Champion of Vehumet.
             Escaped with the Orb
             ... and 3 runes!
             The game lasted 03:21:05 (68114 turns).

Sobieck the Archmage (Deep Elf Conjurer)           Turns: 68114, Time: 03:21:06

Health: 163/163    AC: 16    Str:  7    XL:     26   Next: 67%
Magic:  74/74      EV: 29    Int: 48    God:    Vehumet [******]
Gold:   7540       SH:  6    Dex: 19    Spells: 20/79 levels left

rFire   + + +        A - staff of earth "Husina" {Fragile rPois rC++ Dex+3}
rCold   + + +        t - +0 buckler {rC+}
rNeg    . . .        q - +2 robe {rC+ rF+}
rPois   +            x - +2 helmet {Int+3}
rElec   .            O - scarf {rC+ rF+}
rCorr   +            k - +2 pair of gloves {Dex+3}
SInv    +            P - +5 pair of boots of Bicoval {rF+++ rC- MP+9 Slay-5}
Will    ++...        h - amulet of magic regeneration
Stlth   +            S - ring of magical power
HPRegen 0.47/turn    F - ring of Hidduix {rF- rCorr Str+3 Int+9 SInv}
MPRegen 0.84/turn

%: no passive effects
@: studying 2 skills
A: no striking features
0: Orb of Zot
}: 3/15 runes: serpentine, barnacled, silver
a: Renounce Religion


You escaped.
You worshipped Vehumet.
Vehumet was exalted by your worship.
You visited 10 branches of the dungeon, and saw 48 of its levels.
You visited 1 bazaar.
You also visited: Trove, Gauntlet, Ice Cave and Volcano.

You collected 12103 gold pieces.
You spent 4563 gold pieces at shops.

Inventory:

Armour
 k - a +2 pair of gloves of dexterity (worn)
 q - a +2 robe of resistance (worn)
 t - a +0 buckler of cold resistance (worn)
 x - a +2 helmet of intelligence (worn)
 O - a scarf of resistance (worn)
 P - the +5 pair of boots of Bicoval (worn) {rF+++ rC- MP+9 Slay-5}
   (You found it on level 3 of the Lair of Beasts)

   Slay:      It affects your accuracy & damage with ranged weapons and melee
   (-5).
   rF:        It renders you almost immune to fire.
   rC:        It makes you vulnerable to cold.
   MP:        It affects your magic capacity (+9).
Magical Staves
 b - a staff of cold
 A - the staff of earth "Husina" (weapon) {Fragile rPois rC++ Dex+3}
   (You acquired it on level 3 of the Elven Halls)

   [staff of earth]

   Base accuracy: +5 Base damage: 5 Base attack delay: 1.2 This weapon's minimum
   attack delay (0.6) is reached at skill level 12.
   Dex:       It affects your dexterity (+3).
   rC:        It greatly protects you from cold.
   rPois:     It protects you from poison.
   Fragile:   It will be destroyed if unequipped.
   It falls into the 'Staves' category.
   It is a one-handed weapon.
Jewellery
 a - the ring "Aphaor" {rPois rN+ Int+4 SInv}
   (You found it in an ice cave)

   [ring of positive energy]

   Int:       It affects your intelligence (+4).
   rPois:     It protects you from poison.
   rN:        It protects you from negative energy.
   SInv:      It lets you see invisible.
 c - the ring "Kusarafi" {*Slow +Blink Fly rPois rN+}
   (You found it in a treasure trove)

   [ring of flight]

   rPois:     It protects you from poison.
   rN:        It protects you from negative energy.
   Fly:       It grants you flight.
   +Blink:    It lets you blink.
   *Slow:     It may slow you when you take damage.
 h - an amulet of magic regeneration (around neck)
 l - the ring of Wu Jian's Castigation {Fly Str+4}
   (You found it in a treasure trove)

   [ring of flight]

   Str:       It affects your strength (+4).
   Fly:       It grants you flight.
 m - a +6 ring of intelligence
 r - the ring "Wuimyfej" {rN+ Will+}
   (You bought it in a shop in a bazaar)

   [ring of willpower]

   rN:        It protects you from negative energy.
   Will:      It increases your willpower.
 s - the ring "Powim" {rN++ Str-2 Int+6}
   (You found it in a treasure trove)

   [ring of intelligence]

   Str:       It affects your strength (-2).
   Int:       It affects your intelligence (+6).
   rN:        It greatly protects you from negative energy.
 v - the ring of Ebrig {rF+ Will+}
   (You took it off an orc on level 8 of the Dungeon)

   [ring of protection from fire]

   rF:        It protects you from fire.
   Will:      It increases your willpower.
 C - the ring "Ferche Ysong" {rPois Str+6 Int-2 SInv}
   (You found it in a Gauntlet)

   [ring of strength]

   Str:       It affects your strength (+6).
   Int:       It affects your intelligence (-2).
   rPois:     It protects you from poison.
   SInv:      It lets you see invisible.
 F - the ring of Hidduix (right hand) {rF- rCorr Str+3 Int+9 SInv}
   (You acquired it on level 14 of the Dungeon)

   [ring of see invisible]

   Str:       It affects your strength (+3).
   Int:       It affects your intelligence (+9).
   rF:        It makes you vulnerable to fire.
   SInv:      It lets you see invisible.
   rCorr:     It protects you from acid and corrosion.
 L - the ring of Isabb {rF+ rN+ Dex-3 Slay+2}
   (You found it in a treasure trove)

   [ring of protection from fire]

   Dex:       It affects your dexterity (-3).
   Slay:      It affects your accuracy & damage with ranged weapons and melee
   (+2).
   rF:        It protects you from fire.
   rN:        It protects you from negative energy.
 S - a ring of magical power (left hand)
 W - the ring "Qexzaadu" {Ice rCorr Int+4}
   (You took it off an orc warlord on level 2 of the Orcish Mines)

   [ring of ice]

   It enhances your ice magic.
   Int:       It affects your intelligence (+4).
   rF:        It makes you vulnerable to fire.
   rC:        It protects you from cold.
   rCorr:     It protects you from acid and corrosion.
Wands
 n - a wand of quicksilver (35)
 D - a wand of digging (29)
 E - a wand of roots (85)
 I - a wand of mindburst (42)
 V - a wand of flame (97)
Scrolls
 o - 4 scrolls of silence {!r}
 u - 9 scrolls of vulnerability
 y - 5 scrolls of fog
 B - 4 scrolls of blinking
 G - 4 scrolls of enchant armour
 M - 4 scrolls of magic mapping
 R - a scroll of summoning
 T - 28 scrolls of teleportation
 U - 8 scrolls of fear
 Y - 3 scrolls of torment
Potions
 d - 5 potions of lignification
 f - 3 potions of cancellation
 g - 5 potions of enlightenment
 i - 10 potions of might
 j - 6 potions of brilliance
 p - 4 potions of attraction
 w - 4 potions of resistance
 z - 7 potions of invisibility
 H - 4 potions of haste
 J - 3 potions of mutation
 N - 3 potions of ambrosia
 Q - 25 potions of curing
 Z - 4 potions of magic
Miscellaneous
 K - a phantom mirror
 X - a box of beasts


   Skills:
 - Level 16.0 Fighting
 + Level 24.4 Dodging
 - Level 5.0 Stealth
 - Level 5.0 Shields
 O Level 27 Spellcasting
 - Level 12.0 Conjurations
 - Level 9.0 Hexes
 - Level 4.0 Translocations
 - Level 5.0 Transmutations
 - Level 11.0 Fire Magic
 - Level 22.0 Ice Magic
 - Level 15.0 Air Magic
 - Level 22.0 Earth Magic


You had 20 spell levels left.
You knew the following spells:

 Your Spells              Type           Power      Damage    Failure   Level
a - Plasma Beam           Fire/Air       56%        2x1d78    1%          6
b - Searing Ray           Conj           100%       2d8       0%          2
c - Iskenderun's Mystic   Conj/Tloc      96%        2d19      1%          4
A - Statue Form           Tmut/Erth      92%        N/A       1%          6
B - Shatter               Erth           80%        3d58*     1%          9
C - Lehudib's Crystal Sp  Conj/Erth      74%        10d17     1%          8
D - Maxwell's Capacitive  Air            59%        ∞         1%          8
E - Polar Vortex          Ice            67%        N/A       1%          9
F - Ozocubu's Refrigerat  Ice            67%        4d22      1%          7

Your spell library contained the following spells:

 Spells                   Type           Power      Damage    Failure   Level
 Ignition                 Fire           53%        3d15      5%          8
 Foxfire                  Conj/Fire      100%       2x1d9     0%          1
 Freeze                   Ice            100%       1d10      0%          1
 Kiss of Death            Conj/Necr      100%       2d13      0%          1
 Magic Dart               Conj           100%       1d8       0%          1
 Passwall                 Tmut/Erth      100%       N/A       0%          2
 Poisonous Vapours        Pois/Air       100%       N/A       0%          2
 Scorch                   Fire           100%       2d9       0%          2
 Dazzling Flash           Conj/Hex       100%       N/A       0%          3
 Frozen Ramparts          Ice            100%       1d16      0%          3
 Hailstorm                Conj/Ice       100%       3d20      0%          3
 Inner Flame              Hex/Fire       100%       N/A       0%          3
 Mephitic Cloud           Conj/Pois/Air  100%       N/A       0%          3
 Ozocubu's Armour         Ice            100%       N/A       0%          3
 Stone Arrow              Conj/Erth      100%       3d13      0%          3
 Vhi's Electric Charge    Tloc/Air       100%       N/A       0%          3
 Flame Wave               Conj/Fire      100%       2d21      0%          4
 Leda's Liquefaction      Hex/Erth       72%        N/A       0%          4
 Petrify                  Tmut/Erth      100%       N/A       0%          4
 Freezing Cloud           Conj/Ice/Air   61%        6-21      0%          5
 Lee's Rapid Deconstruct  Erth           80%        3d36*     0%          5
 Metabolic Englaciation   Hex/Ice        59%        N/A       0%          5
 Beastly Appendage        Tmut           100%       N/A       1%          1
 Sting                    Tmut/Pois      100%       1d8       1%          1
 Lesser Beckoning         Tloc           100%       N/A       1%          2
 Sublimation of Blood     Necr           59%        N/A       1%          2
 Wereblood                Tmut           85%        N/A       1%          2
 Confusing Touch          Hex            100%       N/A       1%          3
 Spider Form              Tmut/Pois      73%        N/A       1%          3
 Summon Guardian Golem    Hex/Summ       82%        N/A       1%          3
 Vampiric Draining        Necr           59%        2d10      1%          3
 Volatile Blastmotes      Fire/Tloc      100%       2d18      1%          3
 Anguish                  Hex/Necr       41%        N/A       1%          4
 Animate Armour           Summ/Erth      100%       N/A       1%          4
 Cause Fear               Hex            50%        N/A       1%          4
 Fulminant Prism          Conj/Hex       52%        3d23      1%          4
 Olgreb's Toxic Radiance  Pois           59%        N/A       1%          4
 Summon Ice Beast         Ice/Summ       100%       N/A       1%          4
 Arcjolt                  Conj/Air       57%        1d67      1%          5
 Borgnjor's Vile Clutch   Necr/Erth      65%        N/A       1%          5
 Fireball                 Conj/Fire      54%        3d21      1%          5
 Irradiate                Conj/Tmut      49%        3d28      1%          5
 Iskenderun's Battlesphe  Conj           100%       2d15      1%          5
 Summon Mana Viper        Hex/Summ       82%        N/A       1%          5
 Yara's Violent Unravell  Hex/Tmut       46%        3d18      1%          5
 Conjure Ball Lightning   Conj/Air       57%        3x3d21    1%          6
 Leda's Unmaking          Conj/Erth      74%        9d12      1%          6
 Simulacrum               Ice/Necr       53%        N/A       1%          6
 Starburst                Conj/Fire      54%        6d15      1%          6
 Orb of Destruction       Conj           55%        9d14      1%          7
 Animate Dead             Necr           59%        N/A       2%          4
 Dispel Undead            Necr           59%        3d21      2%          4
 Alistair's Intoxication  Tmut/Pois      48%        N/A       2%          5
 Summon Forest            Summ/Tloc      35%        N/A       3%          5
 Eringya's Noxious Bog    Tmut/Pois      36%        N/A       4%          6
 Enfeeble                 Hex            50%        N/A       5%          7
 Spellforged Servitor     Conj/Summ      44%        N/A       5%          7
 Dispersal                Tloc           40%        N/A       8%          6
 Chain Lightning          Conj/Air       57%        3d76      26%         9
 Death Channel            Necr           29%        N/A       38%         6
 Summon Cactus Giant      Summ           29%        N/A       38%         6
 Discord                  Hex            50%        N/A       41%         8
 Fire Storm               Conj/Fire      54%        8d14      50%         9
 Haunt                    Necr/Summ      29%        N/A       92%         7
 Monstrous Menagerie      Summ           29%        N/A       92%         7
 Summon Hydra             Summ           29%        N/A       92%         7
 Infestation              Necr           29%        N/A       100%        8


Dungeon Overview and Level Annotations

Branches:
Dungeon (15/15)            Temple (1/1) D:4            Lair (5/5) D:11
 Shoals (4/4) Lair:3        Snake (4/4) Lair:3        Slime (0/5) Lair:5
    Orc (2/2) D:11            Elf (3/3) Orc:2        Vaults (5/5) D:13
  Crypt (0/3) Vaults:3     Depths (4/4) D:15            Zot (5/5) Depths:4
  IceCv (visited)         Volcano (visited)         Gauntlet (visited)

Altars:
Ashenzari
Cheibriados
Dithmenos
Elyvilon
Fedhas
Gozag
Hepliaklqana
Kikubaaqudgha
Makhleb
Nemelex Xobeh
Okawaru
Qazlal
Ru
Sif Muna
Trog
Uskayaw
Vehumet
Wu Jian
Xom
Yredelemnul
Zin
The Shining One
Jiyva

Shops:
D:2 [   D:6 ?***   D:12 *!:   Orc:1 [   Orc:2 [=!!   Elf:1 (   Elf:2 [
Shoals:2 *(   Vaults:1 *=[   Depths:1 =[(=*   Depths:4 (

Portals:
Hell: Depths:1 Depths:2 Depths:3 Depths:4
Abyss: Depths:3 Depths:4
Pandemonium: Orc:2 Depths:1 Depths:2 Depths:4
Ziggurat: Depths:4

Annotations:
D:8 2 transporters, GonguanaGonguana's ghost, novice MeEE
Lair:1 2 runed translucent doors, hito's ghost, journeyman HOHu
Lair:2 3 runed translucent doors, Esekla's ghost, journeyman OpDe; Gastronok; wolfgangpup's ghost, journeyman GrFi
Lair:5 3 runed translucent doors, exclusion: obsidian statue, Loveship's ghost, journeyman MiFi
Shoals:2 3 runed translucent doors
Zot:3 3 runed translucent doors, Oriecen's ghost, master DsEE; Wysooluir's ghost, veteran OgBe
Zot:5 exclusion: upstairs


Message History

Your +2 robe of resistance unmelds from your body.
You feel agile.
You feel resistant to extremes of temperature.
(D) Dungeon (T) Temple (L) Lair (A) Shoals (P) Snake Pit (M) Slime Pits (O) Orcish Mines (E) Elven Halls (V) Vaults (C) Crypt (U) Depths (H) Hell (Z) Zot
Where to? (Enter - D:1, ? - help)
You climb upwards.
There is a stone staircase leading down here.
You see here a +0 lajatang.
There is a stone staircase leading up here.
Magic restored.
You climb upwards.
Level annotation: 2 transporters, GonguanaGonguana's ghost, novice MeEE
There is a stone staircase leading down here.
Things that are here:
a +0 robe; a +0 dagger
There is a stone staircase leading up here.
You climb upwards.
There is a stone staircase leading down here.
There is a stone staircase leading up, spattered with blood here.
You climb upwards.
There is a stone staircase leading down here.
There is a stone staircase leading up here.
You climb upwards.
There is a stone staircase leading down here.
There is a stone staircase leading up here.
You climb upwards.
There is a stone staircase leading down here.
There is a stone staircase leading up here.
You climb upwards.
There is a stone staircase leading down here.
There is a stone staircase leading up here.
You climb upwards.
There is a stone staircase leading down here.
You see here a +0 club.
You see here a +0 leather armour.
There is a stone staircase leading up here.
You climb upwards.
There is a stone staircase leading down here.
You open the door.
There is an open door here.
You see here a stone.
You see here a stone.
You see here a stone.
You see here a stone.
There is an open door here.
There is a staircase leading out of the dungeon here.
You have escaped!

#######....#.#..#
#.##.......#... #
#....#....###.#...######... #
#.#.#####.....#'#..#####... #
#.#.# #.#####.##......... #
#.#.# #### #.(.#..###....
#.#.# ##.###.(.##.###....
#.#.# #...#(.((.#........
###.#.# #...#(((((#.######.
#.....# #.@.'((8((#.# #.
#.....#####...#((.(.#.# ###
#........##...#((.(.#.## #..
#.....##.###.###(((##..######
#.....##.#####.#((.#........#
#.....##.......##.##........#
#.....########.##'######.....
#####.....#
#####.##.........#.#
#.........#
#.....###.###.#.....


There were no monsters in sight!

Vanquished Creatures
  3 dread liches
  2 orbs of fire (Zot:5)
  3 ancient liches
  A juggernaut (Depths:2)
  Parghit (Zot:1)
  Vv (Zot:1)
  4 caustic shrikes (Depths:2)
  6 Killer Klowns
  Saint Roka (Snake:4)
  Vashnia (Snake:3)
  12 golden dragons
  A bone dragon (Depths:2)
  A Brimstone Fiend (Zot:4)
  2 doom hounds (Zot:1)
  5 electric golems
  21 tentacled monstrosities
  4 liches
  A Tzitzimitl (D:14)
  27 Orb Guardians
  Asterion (Snake:4)
  8 titans
  3 deep elf blademasters
  Grunn (Zot:1)
  A walking frostbound tome (Depths:2)
  3 walking divine tomes
  7 quicksilver dragons
  An Executioner (Depths:2)
  13 death cobs
  Frances (D:14)
  8 sphinxes
  5 tengu reavers
  A kraken (Shoals:2)
  Agnes (D:14)
  12 storm dragons
  Roxanne (Snake:3)
  4 nagarajas
  13 shadow dragons
  The ghost of rinse the Merfolkian Blade, an adept MfMo of the Shining One (Shoals:1)
  12 fire giants
  Ilsuiw (Shoals:4)
  10 draconian knights
  6 draconian monks
  11 deep elf sorcerers
  3 iron dragons
  7 frost giants
  5 deep elf elementalists (Elf:3)
  12 draconian scorchers
  2 balrugs
  Louise (Elf:3)
  20 vault wardens
  Aizul (Snake:4)
  2 draconian stormcallers
  2 orc warlords (Orc:2)
  41 very ugly things
  4 spriggan defenders
  21 ironbound preservers
  6 draconian shifters
  A demonspawn corrupter (D:12)
  3 draconian annihilators
  6 war gargoyles
  4 ironbound thunderhulks
  25 stone giants
  3 vampire knights
  2 cacodemons
  2 formless jellyfish
  12 green draconians
  5 deep elf demonologists
  8 yellow draconians
  2 dire elephants
  12 purple draconians
  9 red draconians
  4 deep elf annihilators
  Azrael (D:14)
  11 white draconians
  11 black draconians
  7 spark wasps
  A minotaur (Gauntlet)
  2 blizzard demons (Depths:2)
  Snorg (D:11)
  3 deep elf death magi
  2 green deaths
  9 ettins
  3 crystal guardians (Vaults:2)
  Josephine (D:14)
  A fire dragon (shapeshifter) (Vaults:5)
  8 merfolk javelineers (Shoals:4)
  12 merfolk impalers
  10 fire dragons
  2 jiangshi (Depths:2)
  4 hydras
  15 yaktaur captains
  7 deep elf high priests
  3 great orbs of eyes
  A hydra (shapeshifter) (Depths:2)
  4 salamander tyrants (Snake:4)
  36 vault guards
  2 entropy weavers
  Harold (Lair:2)
  10 ice dragons
  6 rakshasas
  4 peacekeepers
  9 spriggan air magi
  2 demonspawn (Orc:2)
  A catoblepas (D:15)
  7 centaur warriors
  A hell beast (Depths:2)
  13 anacondas
  11 ironbound frosthearts
  3 merfolk avatars
  5 boulder beetles
  6 naga warriors
  12 tengu warriors
  8 two-headed ogres
  A boulder beetle (shapeshifter) (Vaults:5)
  5 merfolk aquamancers
  12 deep troll earth magi
  6 vampire magi
  7 orc high priests (Orc:2)
  5 shock serpents
  30 dancing weapons
  5 deep troll shamans
  16 spriggan berserkers
  3 sun demons
  27 deep elf knights
  7 hell knights
  15 naga sharpshooters
  3 soul eaters
  A death drake (shapeshifter) (Vaults:5)
  A shadow wraith (D:13)
  6 iron trolls
  12 skeletal warriors
  5 skysharks
  3 salamander mystics
  60 deep trolls
  5 glowing orange brains
  A sea snake (shapeshifter) (Vaults:2)
  2 sixfirhies (D:14)
  A fire crab (Gauntlet)
  2 goliath frogs (shapeshifter)
  5 bog bodies (IceCv)
  4 flayed ghosts
  12 sea snakes
  A shadow demon (D:12)
  6 wizards
  A spectral anaconda (Lair:5)
  2 spriggan simulacra (IceCv)
  8 necromancers
  2 obsidian statues
  11 phantasmal warriors
  17 ironbound convokers
  7 naga ritualists
  15 deep elf archers
  An orange crystal statue (Elf:2)
  11 harpies
  15 lindwurms
  A harpy (shapeshifter) (Vaults:5)
  8 orc sorcerers (Orc:2)
  34 deep elf zephyrmancers
  10 orc knights
  11 mana vipers
  35 ugly things
  28 deep elf pyromancers
  3 wolf spiders
  3 wolf spiders (shapeshifter)
  13 fauns
  9 salamanders
  16 cyclopes
  A faun (shapeshifter) (D:15)
  9 elephants (Lair:5)
  20 moths of wrath
  18 manticores
  Maurice (Orc:1)
  15 naga magi
  4 rust devils
  13 vault sentinels
  10 water nymphs
  4 centaur zombies (D:14)
  A guardian serpent (shapeshifter) (Vaults:5)
  9 merfolk sirens
  2 orange demons
  21 black mambas
  4 guardian serpents (Snake:4)
  2 molten gargoyles (Volcano)
  A black mamba (shapeshifter) (Vaults:5)
  A cane toad (shapeshifter) (Vaults:5)
  3 smoke demons
  18 cane toads
  An ice statue (Elf:2)
  2 dire elephant skeletons (Lair:5)
  A hellion (D:14)
  8 rime drakes
  6 komodo dragons
  27 yaktaurs
  3 kobold demonologists
  A rime drake (shapeshifter) (D:15)
  3 ice devils
  3 tengu conjurers
  5 anaconda simulacra (IceCv)
  3 golden dragon simulacra (IceCv)
  14 freezing wraiths
  2 guardian mummies (Vaults:2)
  A queen bee (shapeshifter) (D:15)
  2 merfolk (shapeshifter) (Vaults:5)
  23 merfolk
  A harpy zombie (D:14)
  11 trolls
  3 red devils (Volcano)
  3 hellwings
  A meliai (D:13)
  A polar bear (Lair:4)
  A hornet (shapeshifter) (Elf:3)
  13 wind drakes
  4 hornets
  15 dream sheep
  6 blink frogs (Lair:5)
  2 spectral elephants (Lair:5)
  4 air elementals
  A jumping spider (Vaults:1)
  12 snapping turtles
  2 slime creatures (shapeshifter)
  3 centaur simulacra (Gauntlet)
  8 vampires
  33 slime creatures
  3 spriggans
  A jumping spider (shapeshifter) (D:13)
  10 water elementals
  2 wyverns
  9 wraiths
  5 fire elementals
  2 shadows
  41 yaks
  8 dire elephant simulacra (IceCv)
  6 steam dragons
  8 basilisks
  8 fire bats
  2 golden eyes (Zot:4)
  A chaos spawn (Orc:2)
  2 minotaur simulacra (IceCv)
  2 redbacks (Vaults:1)
  11 vampire mosquitoes
  2 neqoxecs
  Menkaure (D:5)
  2 harpy simulacra
  4 wargs
  5 hell hounds
  35 nagas
  An acid dragon (D:11)
  9 water moccasins
  A hydra simulacrum (IceCv)
  Duvessa (D:7)
  2 ettin simulacra (IceCv)
  2 floating eyes (Depths:2)
  A black bear (D:11)
  An ice beast (D:7)
  46 orc warriors
  8 ogres
  3 alligator simulacra (IceCv)
  3 wolves (Lair:3)
  An elephant skeleton (Lair:5)
  12 centaurs
  2 kobold brigands
  A gnoll sergeant (D:8)
  12 bullfrogs
  2 cane toad simulacra (Lair:5)
  An earth elemental (Elf:1)
  A deep troll simulacrum (IceCv)
  A scorpion (D:6)
  13 wights
  Dowan (D:7)
  A hornet simulacrum (D:14)
  17 killer bees
  A lindwurm simulacrum (IceCv)
  10 howler monkeys
  4 electric eels
  A howler monkey (shapeshifter) (Elf:2)
  6 lava snakes (Volcano)
  32 orc priests
  2 jellies
  3 gnoll boudas
  2 hounds
  6 iguanas
  33 orc wizards
  10 hell rats
  3 polar bear simulacra (D:10)
  4 wolf simulacra (D:10)
  A yak simulacrum (D:10)
  A boggart simulacrum (D:15)
  14 gnolls
  6 adders
  A white imp (D:6)
  An ufetubus (D:5)
  3 worms (D:3)
  A worm (shapeshifter) (D:13)
  7 dart slugs
  90 orcs
  5 endoplasms
  4 giant cockroaches
  4 hobgoblins
  8 jackals
  11 kobolds
  7 quokkas
  6 ball pythons
  A bat (D:2)
  3 frilled lizards
  4 goblins
  2 rats (D:2)
  3 river rat simulacra (D:10)
  2 tentacles (Shoals:2)
2234 creatures vanquished.

Vanquished Creatures (others)
  A deep elf zephyrmancer (Elf:1)
  275 fulminant prisms
  2 tentacles (Shoals:2)
278 creatures vanquished.

Grand Total: 2512 creatures vanquished

Notes
Turn   | Place    | Note
-------+----------+-------------------------------------------
     0 | D:1      | Sobieck the Deep Elf Conjurer began the quest for the Orb.
     0 | D:1      | Reached XP level 1. HP: 10/10 MP: 6/6
   190 | D:1      | Reached XP level 2. HP: 15/15 MP: 5/8
   197 | D:1      | Reached skill level 1 in Hexes
   264 | D:1      | Learned a level 2 spell: Searing Ray
   746 | D:1      | Reached XP level 3. HP: 19/19 MP: 6/10
  1191 | D:2      | Identified the +5 rapier "Noafiy" {spect, rElec rN+ Int-2}
  1338 | D:2      | Reached XP level 4. HP: 24/24 MP: 1/11
  1343 | D:2      | Learned a level 4 spell: Fulminant Prism
  1560 | D:2      | Reached skill level 4 in Spellcasting
  1741 | D:2      | Reached XP level 5. HP: 28/28 MP: 7/13
  1812 | D:2      | Found Hemahet's Antique Armour Boutique.
  1884 | D:2      | Learned a level 4 spell: Iskenderun's Mystic Blast
  2106 | D:3      | Reached skill level 3 in Hexes
  2147 | D:3      | Found a faded altar of an unknown god.
  2234 | D:3      | Reached skill level 6 in Conjurations
  2341 | D:3      | Found a basalt altar of Yredelemnul.
  2895 | D:4      | Reached XP level 6. HP: 32/32 MP: 10/15
  3063 | D:4      | Reached skill level 5 in Spellcasting
  3077 | D:4      | Found a staircase to the Ecumenical Temple.
  3087 | Temple   | Entered the Ecumenical Temple
  3126 | Temple   | Became a worshipper of Vehumet
  3798 | D:5      | Entered Level 5 of the Dungeon
  3798 | D:5      | Noticed Menkaure
  3916 | D:5      | Found a broken altar of Ashenzari.
  4304 | D:5      | Killed Menkaure
  4305 | D:5      | Reached XP level 7. HP: 20/36 MP: 17/17
  4369 | D:5      | Reached skill level 6 in Spellcasting
  4767 | D:5      | Reached * piety under Vehumet
  4767 | D:5      | Offered knowledge of Foxfire by Vehumet.
  5057 | D:5      | Identified a scroll of acquirement
  5057 | D:5      | Acquired a staff of conjuration
  5096 | D:6      | Found Vuleusum's Assorted Antiques.
  5096 | D:6      | Found Xeiclo's Assorted Antiques.
  5104 | D:6      | Bought a transparent granite ring for 135 gold pieces
  5104 | D:6      | Identified the ring of the Imp {Contam rElec AC+4 Dex+4}
                  | (You bought it in a shop on level 6 of the Dungeon)
  5111 | D:6      | Found Gitytiw's Magic Scroll Shop.
  5119 | D:6      | Bought a scroll of identify for 26 gold pieces
  5119 | D:6      | Bought a scroll of identify for 26 gold pieces
  5119 | D:6      | Bought a scroll of blinking for 97 gold pieces
  5164 | D:6      | Found Seffoqoh's Magic Scroll Shoppe.
  5281 | D:6      | Found an iron altar of Okawaru.
  5435 | D:6      | Found Muluiwes's General Store.
  6006 | D:6      | Found a shimmering blue altar of Sif Muna.
  6034 | D:7      | Reached XP level 8. HP: 41/41 MP: 18/20
  6152 | D:7      | Noticed Dowan
  6153 | D:7      | Reached skill level 6 in Hexes
  6156 | D:7      | Reached skill level 7 in Spellcasting
  6156 | D:7      | Noticed Duvessa
  6338 | D:7      | Found a hazy altar of Hepliaklqana.
  6393 | D:7      | Reached ** piety under Vehumet
  6393 | D:7      | Offered knowledge of Static Discharge by Vehumet.
  6394 | D:7      | Reached skill level 9 in Conjurations
  6547 | D:7      | Found a white marble altar of Elyvilon.
  6549 | D:7      | Found a glowing silver altar of Zin.
  6550 | D:7      | Found a glowing golden altar of the Shining One.
  6819 | D:7      | Killed Duvessa
  6822 | D:7      | Killed Dowan
  6859 | D:7      | Reached skill level 8 in Spellcasting
  7690 | D:8      | Reached skill level 9 in Spellcasting
  7719 | D:8      | Reached XP level 9. HP: 45/45 MP: 12/24
  7841 | D:8      | Found a hide-covered altar of Uskayaw.
  7845 | D:8      | Reached skill level 9 in Hexes
  7888 | D:8      | Reached skill level 1 in Translocations
  8180 | D:8      | Reached skill level 10 in Spellcasting
  8250 | D:8      | Offered knowledge of Inner Flame by Vehumet.
  8251 | D:8      | Reached skill level 3 in Translocations
  8430 | D:8      | Identified the ring of Ebrig {rF+ Will+}
  8551 | D:8      | Found a transporter.
  8557 | D:8      | Noticed a moth of wrath
  8557 | D:8      | Noticed a two-headed ogre
  8560 | D:8      | Noticed GonguanaGonguana's ghost (novice MeEE)
  8628 | D:8      | Found a transporter.
  8631 | D:8      | Found a bloodstained altar of Trog.
  8683 | D:8      | Reached *** piety under Vehumet
  9105 | D:9      | Noticed a two-headed ogre
  9119 | D:9      | Reached skill level 11 in Spellcasting
  9119 | D:9      | Killed a two-headed ogre
  9283 | D:9      | Reached XP level 10. HP: 53/53 MP: 27/27
  9364 | D:6      | Bought a glowing helmet for 202 gold pieces
  9452 | D:9      | Reached skill level 3 in Fighting
  9478 | D:9      | Offered knowledge of Stone Arrow by Vehumet.
 10576 | D:10     | Entered Level 10 of the Dungeon
 10584 | D:10     | Reached skill level 6 in Dodging
 10584 | D:10     | Reached **** piety under Vehumet
 10710 | D:10     | Offered knowledge of Lee's Rapid Deconstruction by Vehumet.
 10749 | D:10     | Noticed a centaur warrior
 10756 | D:10     | Killed a centaur warrior
 10757 | D:10     | Reached skill level 12 in Spellcasting
 10757 | D:10     | Reached XP level 11. HP: 26/63 MP: 21/29
 10922 | D:6      | Bought a sapphire potion for 18 gold pieces
 10922 | D:6      | Bought an inky potion for 18 gold pieces
 11273 | D:10     | Noticed a necromancer
 11393 | D:10     | Killed a necromancer
 11559 | D:6      | Bought a scroll labelled MUANKU SINN for 27 gold pieces
 11559 | D:6      | Bought a sapphire potion for 24 gold pieces
 11623 | D:11     | Noticed Snorg
 11677 | D:11     | Found a staircase to the Lair.
 11740 | D:11     | Noticed a boulder beetle
 11759 | D:11     | Killed a boulder beetle
 11898 | D:11     | Reached skill level 13 in Spellcasting
 11931 | D:11     | Killed Snorg
 12110 | D:11     | Found a shimmering altar of Xom.
 12111 | D:11     | Found a shimmering altar of Xom.
 12112 | D:11     | Found a shimmering altar of Xom.
 12112 | D:11     | Found a shimmering altar of Xom.
 12112 | D:11     | Noticed a two-headed ogre
 12141 | D:11     | Killed a two-headed ogre
 12142 | D:11     | Reached skill level 9 in Dodging
 12144 | D:11     | Noticed a two-headed ogre
 12151 | D:11     | Killed a two-headed ogre
 12393 | D:11     | Found a staircase to the Orcish Mines.
 12528 | D:6      | Bought a copper ring for 105 gold pieces
 12609 | Lair:1   | Entered Level 1 of the Lair of Beasts
 13027 | Lair:1   | Reached skill level 1 in Fire Magic
 13077 | Lair:1   | Noticed a boulder beetle
 13080 | Lair:1   | Reached ***** piety under Vehumet
 13080 | Lair:1   | Offered knowledge of Sticky Flame by Vehumet.
 13180 | Lair:1   | Found a large runed translucent door.
 13181 | Lair:1   | Found a large runed translucent door.
 13184 | Lair:1   | Noticed hito's ghost (journeyman HOHu)
 13200 | Lair:1   | Reached skill level 14 in Spellcasting
 13235 | Lair:1   | Reached XP level 12. HP: 68/68 MP: 32/32
 13244 | Lair:1   | Killed a boulder beetle
 13251 | Lair:1   | Reached skill level 3 in Fire Magic
 13362 | Lair:1   | Learned a level 6 spell: Starburst
 13782 | Lair:2   | Noticed Gastronok
 13797 | Lair:2   | Reached skill level 12 in Conjurations
 13803 | Lair:2   | Noticed Harold
 13985 | Lair:2   | Killed Harold
 14019 | Lair:2   | Reached skill level 6 in Fire Magic
 14615 | Lair:2   | Found a runed translucent gate.
 14615 | Lair:2   | Found a runed translucent gate.
 14615 | Lair:2   | Found a runed translucent gate.
 14616 | Lair:2   | Noticed wolfgangpup's ghost (journeyman GrFi)
 14616 | Lair:2   | Noticed Esekla's ghost (journeyman OpDe)
 15031 | Lair:3   | Found a staircase to the Snake Pit.
 15324 | Lair:3   | Reached skill level 9 in Fire Magic
 15479 | Lair:3   | Identified the +5 pair of boots of Bicoval {rF+++ rC- MP+9
                  | Slay-5}
 15832 | Lair:3   | Found a staircase to the Shoals.
 15855 | Lair:3   | Noticed a seven-headed hydra
 15857 | Lair:3   | Killed a seven-headed hydra
 15865 | Lair:3   | Learned a level 6 spell: Plasma Beam
 16080 | Lair:4   | Reached skill level 1 in Air Magic
 16145 | Lair:4   | Reached XP level 13. HP: 46/72 MP: 31/33
 16213 | Lair:4   | Reached skill level 3 in Air Magic
 16249 | Lair:4   | Found a dark tunnel.
 16261 | Volcano  | Entered a volcano
 16613 | Volcano  | Found a bloodstained altar of Trog.
 17163 | Lair:4   | Reached skill level 6 in Air Magic
 17718 | Lair:4   | Identified the +7 quarterstaff "Zawas" {heavy, rN+ Int+2}
 17997 | Lair:5   | Entered Level 5 of the Lair of Beasts
 18440 | Lair:5   | Identified the +0 plate armour of Ru's Respect {rF+ SInv}
 18473 | Lair:4   | Acquired a +1 pair of boots of flying
 18866 | Lair:5   | Found a runed translucent gate.
 18866 | Lair:5   | Found a runed translucent gate.
 18867 | Lair:5   | Found a runed translucent gate.
 18867 | Lair:5   | Noticed an acid blob
 18867 | Lair:5   | Noticed a quicksilver ooze
 18867 | Lair:5   | Noticed an azure jelly
 18868 | Lair:5   | Noticed an acid blob
 18868 | Lair:5   | Noticed an acid blob
 18868 | Lair:5   | Noticed an azure jelly
 18869 | Lair:5   | Noticed a rockslime
 18869 | Lair:5   | Noticed Loveship's ghost (journeyman MiFi)
 18872 | Lair:5   | Noticed an azure jelly
 18873 | Lair:5   | Noticed an azure jelly
 18873 | Lair:5   | Noticed an azure jelly
 18919 | Lair:5   | Found a viscous altar of Jiyva.
 18919 | Lair:5   | Found a staircase to the Slime Pits.
 19042 | Lair:5   | Noticed a dire elephant
 19149 | Lair:5   | Reached skill level 9 in Air Magic
 19733 | Lair:5   | Killed a dire elephant
 19734 | Lair:5   | Reached skill level 15 in Spellcasting
 19843 | Lair:5   | Identified the +0 pair of boots of Poor Excuses {Drain
                  | rPois Stlth+}
 19955 | Lair:5   | Found a viscous altar of Jiyva.
 19956 | Lair:5   | Noticed an azure jelly
 20233 | Orc:1    | Entered Level 1 of the Orcish Mines
 20234 | Orc:1    | Noticed Maurice
 20239 | Orc:1    | Killed Maurice
 20378 | Orc:1    | Found Dezif's Armour Emporium.
 20482 | Orc:2    | Entered Level 2 of the Orcish Mines
 20485 | Orc:2    | Offered knowledge of Ozocubu's Refrigeration by Vehumet.
 20496 | Orc:1    | Learned a level 7 spell: Ozocubu's Refrigeration
 20506 | Orc:2    | Reached skill level 1 in Ice Magic
 20506 | Orc:2    | Reached XP level 14. HP: 78/78 MP: 35/35
 21446 | Orc:2    | Found Lyhaplo's Distillery.
 21451 | Orc:2    | Reached skill level 3 in Ice Magic
 21465 | Orc:2    | Reached skill level 16 in Spellcasting
 21690 | Orc:2    | Found Vyikamai's Distillery.
 22042 | Orc:2    | Noticed an orc warlord
 22094 | Orc:2    | Killed an orc warlord
 22095 | Orc:2    | Reached skill level 6 in Ice Magic
 22348 | Orc:2    | Found a staircase to the Elven Halls.
 22438 | Orc:2    | Identified the +3 great sword "Zomp" {spect, rC+ rN++}
 22438 | Orc:2    | Identified the +4 orcbow "Zaapaeno" {flame, *Corrode Will+
                  | MP+9}
 22447 | Orc:2    | Reached ****** piety under Vehumet
 22471 | Orc:2    | Offered knowledge of Arcjolt by Vehumet.
 22617 | Orc:2    | Identified the ring "Qexzaadu" {Ice rCorr Int+4}
 22617 | Orc:2    | Noticed an orc warlord
 22627 | Orc:2    | Killed an orc warlord
 23227 | Orc:2    | Reached skill level 9 in Ice Magic
 23375 | Orc:2    | Found Bantyrof's Antique Armour Emporium.
 23375 | Orc:2    | Found Hodon's Jewellery Shoppe.
 23376 | Orc:2    | Found a one-way gate leading to the halls of Pandemonium.
 23382 | Orc:2    | Bought bloodstained steam dragon scales for 1035 gold
                  | pieces
 23382 | Orc:2    | Identified the +3 steam dragon scales of Negation {rPois
                  | Will- Dex+2} (You bought it in a shop on level 2 of the
                  | Orcish Mines)
 23384 | Orc:2    | Bought an amulet of magic regeneration for 390 gold pieces
 23897 | D:12     | Found a flickering gateway to a bazaar.
 23903 | Bazaar   | Entered a bazaar
 23903 | Bazaar   | Found Tiphys's Jewellery Emporium.
 23915 | Bazaar   | Found Welev's Antique Weapon Shoppe.
 23937 | Bazaar   | Found Qutufion's General Store.
 23942 | Bazaar   | Found Toimalai's Jewellery Shoppe.
 23987 | Bazaar   | Bought the ring "Wuimyfej" {rN+ Will+} for 253 gold pieces
 24068 | D:12     | Found Gicoazuo's Assorted Antiques.
 24096 | D:12     | Found Lebruc's Book Boutique.
 24195 | D:12     | Found Rois's Distillery.
 25043 | D:13     | Reached skill level 12 in Ice Magic
 25158 | D:13     | Reached XP level 15. HP: 82/82 MP: 37/37
 25171 | D:13     | Noticed a frost giant
 25176 | D:13     | Offered knowledge of Conjure Ball Lightning by Vehumet.
 25364 | D:13     | Killed a frost giant
 25608 | D:13     | Reached skill level 1 in Earth Magic
 25675 | D:13     | Found a gate to the Vaults.
 25799 | D:13     | Reached skill level 3 in Earth Magic
 26057 | D:13     | Identified the +0 helmet of Idealism {rF+ Dex+3}
 26822 | D:14     | Reached skill level 6 in Earth Magic
 27236 | D:14     | Noticed Frances
 27249 | D:14     | Killed Frances
 27421 | D:14     | Acquired the ring of Hidduix {rF- rCorr Str+3 Int+9 SInv}
 27472 | D:14     | Noticed Josephine
 27473 | D:14     | Killed Josephine
 27639 | D:14     | Noticed Agnes
 27645 | D:14     | Killed Agnes
 27646 | D:14     | Reached skill level 9 in Earth Magic
 27962 | D:14     | Noticed Azrael
 27965 | D:14     | Killed Azrael
 28240 | D:15     | Entered Level 15 of the Dungeon
 28322 | D:15     | Found a gate leading to a gauntlet.
 28331 | Gauntlet | Entered a Gauntlet
 28331 | Gauntlet | Found a transporter.
 28334 | Gauntlet | Found a transporter.
 28335 | Gauntlet | Found a transporter.
 28337 | Gauntlet | Found a transporter.
 28339 | Gauntlet | Found a transporter.
 28340 | Gauntlet | Found a transporter.
 28344 | Gauntlet | Found a runed translucent door.
 28345 | Gauntlet | Found a runed translucent door.
 28351 | Gauntlet | Found a transporter.
 28352 | Gauntlet | Found a transporter.
 28370 | Gauntlet | Found a transporter.
 28388 | Gauntlet | Found a transporter.
 28392 | Gauntlet | Found a transporter.
 28393 | Gauntlet | Found a runed translucent door.
 28401 | Gauntlet | Found a transporter.
 28566 | Gauntlet | Identified the ring "Ferche Ysong" {rPois Str+6 Int-2 SInv}
 28591 | Gauntlet | Identified the ring "Situong" {rC+ Str+6}
 28707 | Gauntlet | Identified the +4 scimitar of Metrung {elec, rElec rC+
                  | Str+2 Stlth+}
 28707 | Gauntlet | Identified the +5 flail of Spite {venom, Fragile rF++ rCorr
                  | SInv}
 29122 | D:15     | Reached XP level 16. HP: 87/87 MP: 38/38
 29124 | D:15     | Reached skill level 12 in Earth Magic
 29498 | D:15     | Found a staircase to the Depths.
 29774 | Snake:1  | Entered Level 1 of the Snake Pit
 30161 | Snake:1  | Offered knowledge of Iskenderun's Battlesphere by Vehumet.
 31461 | Snake:2  | Reached skill level 15 in Earth Magic
 32162 | Snake:1  | Learned a level 9 spell: Shatter
 32171 | Snake:1  | Learned a level 8 spell: Lehudib's Crystal Spear
 32612 | Snake:3  | Noticed Roxanne
 32894 | Snake:3  | Noticed Vashnia
 32954 | Snake:3  | Killed Vashnia
 33286 | Snake:3  | Reached XP level 17. HP: 88/92 MP: 39/39
 33642 | Snake:3  | Offered knowledge of Freezing Cloud by Vehumet.
 33909 | Snake:4  | Entered Level 4 of the Snake Pit
 33927 | Snake:4  | Noticed Saint Roka
 33932 | Snake:4  | Killed Saint Roka
 34193 | Snake:4  | Reached skill level 18 in Earth Magic
 34652 | Snake:4  | Noticed Aizul
 34655 | Snake:4  | Killed Aizul
 35317 | Snake:4  | Noticed Asterion
 35326 | Snake:4  | Killed Asterion
 35869 | Snake:4  | Noticed a quicksilver dragon
 35869 | Snake:4  | Noticed a quicksilver dragon
 35871 | Snake:4  | Killed a quicksilver dragon
 35872 | Snake:4  | Killed a quicksilver dragon
 36043 | Snake:4  | Got a serpentine rune of Zot
 36532 | Shoals:1 | Entered Level 1 of the Shoals
 36799 | Shoals:1 | Offered knowledge of Eringya's Noxious Bog by Vehumet.
 37069 | Shoals:1 | Learned a level 6 spell: Statue Form
 37234 | Shoals:1 | Acquired 1103 gold pieces
 37484 | Shoals:1 | Noticed a titan
 37488 | Shoals:1 | Killed a titan
 37712 | Shoals:2 | Noticed rinse's ghost (adept MfMo)
 37714 | Shoals:2 | Reached skill level 21 in Earth Magic
 37731 | Shoals:1 | Killed rinse's ghost
 37839 | Shoals:2 | Noticed a kraken
 37893 | Shoals:2 | Acquired 676 gold pieces
 37908 | Shoals:2 | Reached XP level 18. HP: 96/96 MP: 20/40
 37980 | Shoals:2 | Found a runed translucent gate.
 37980 | Shoals:2 | Found a runed translucent gate.
 37980 | Shoals:2 | Found a runed translucent gate.
 38047 | Shoals:2 | Found Gocaf's General Store.
 38049 | Shoals:2 | Found Dicsaec's Firing Range.
 38581 | Shoals:3 | Reached skill level 1 in Transmutations
 39104 | Shoals:4 | Entered Level 4 of the Shoals
 39110 | Shoals:4 | Reached skill level 3 in Transmutations
 39201 | Shoals:4 | Identified the +6 chain mail of Darkness {Will++}
 39206 | Shoals:4 | Noticed Ilsuiw
 39210 | Shoals:4 | Killed Ilsuiw
 39521 | Shoals:4 | Identified the +1 plate armour of the King of Wands {rC++}
 39544 | Shoals:4 | Reached skill level 17 in Spellcasting
 39548 | Shoals:4 | Offered knowledge of Polar Vortex by Vehumet.
 39548 | Shoals:4 | Offered knowledge of Ignition by Vehumet.
 40220 | Shoals:4 | Got a barnacled rune of Zot
 40542 | Elf:1    | Entered Level 1 of the Elven Halls
 40544 | Elf:1    | Paralysed by an air elemental for 1 turns
 40549 | Elf:1    | Reached skill level 18 in Spellcasting
 40816 | Elf:1    | Found Sugojat's Antique Weapon Shop.
 41521 | Elf:1    | Reached XP level 19. HP: 100/100 MP: 35/43
 41632 | Elf:2    | Reached skill level 15 in Ice Magic
 41690 | Elf:2    | Paralysed by an air elemental for 1 turns
 41703 | Elf:2    | Paralysed by an air elemental for 1 turns
 41707 | Elf:1    | Paralysed by an air elemental for 1 turns
 42059 | Elf:2    | Found Nyci's Armour Shop.
 42079 | Elf:2    | Paralysed by an air elemental for 1 turns
 42093 | Elf:2    | Found a frozen archway.
 42116 | IceCv    | Entered an ice cave
 42383 | IceCv    | Found an ancient bone altar of Kikubaaqudgha.
 42476 | IceCv    | Identified the ring "Aphaor" {rPois rN+ Int+4 SInv}
 42792 | Elf:2    | Identified the staff of death "Tideqok" {rPois rN+ Int+2}
 43299 | Elf:2    | Found a huge runed translucent gate.
 43300 | Elf:2    | Found a huge runed translucent gate.
 43301 | Elf:2    | Found a huge runed translucent gate.
 43302 | Elf:2    | Found a huge runed translucent gate.
 43303 | Elf:2    | Found a huge runed translucent gate.
 43324 | Elf:2    | Reached skill level 18 in Ice Magic
 43947 | Elf:3    | Entered Level 3 of the Elven Halls
 44035 | Elf:3    | Noticed Louise
 44037 | Elf:3    | Killed Louise
 44720 | Elf:3    | Identified the amulet "Vipyopp" {rPois rN+ Will+ Regen+
                  | Dex+2}
 44893 | Elf:3    | Identified the +5 glaive of Impermanence {pain, rElec rC-
                  | Int+4}
 44930 | Elf:3    | Reached XP level 20. HP: 106/106 MP: 44/44
 45375 | Elf:3    | Identified the +0 leather armour of the Sacrificial Victim
                  | {Int+3}
 45377 | Elf:3    | Identified the +6 shortbow of Foqumn {flame, SInv}
 45446 | Elf:3    | Identified the +0 plate armour of Pazegol {+Blink rF+ rC+
                  | Dex-2}
 45451 | Elf:3    | Identified the +1 falchion "Gaopt" {drain, rN+ Int-4
                  | Stlth+}
 45464 | Elf:3    | Got the Monograph on Bloody Space
 45569 | Elf:3    | Acquired the staff of earth "Husina" {Fragile rPois rC++
                  | Dex+3}
 45827 | Vaults:1 | Entered Level 1 of the Vaults
 45886 | Vaults:1 | Found Xell's Jewellery Shop.
 45924 | Vaults:1 | Learned a level 9 spell: Polar Vortex
 45926 | Vaults:1 | Found Ydedob's General Store.
 46288 | Vaults:1 | Reached skill level 21 in Ice Magic
 46627 | Vaults:1 | Got the Lectures on Horrible Percussion
 46990 | Vaults:1 | Found Leor's Armour Shop.
 46994 | Vaults:1 | Bought a +0 helmet of intelligence for 184 gold pieces
 47139 | Vaults:2 | Reached skill level 1 in Shields
 47501 | Snake:3  | Killed Roxanne
 48136 | Vaults:2 | Got the Cyclopedia of the Transmuted Jaunt
 48156 | Vaults:2 | Reached skill level 3 in Shields
 49202 | Vaults:2 | Found a portal to a secret trove of treasure.
 49317 | Vaults:3 | Reached skill level 6 in Fighting
 49324 | Vaults:3 | Reached XP level 21. HP: 112/112 MP: 36/45
 49352 | Vaults:3 | Reached skill level 19 in Spellcasting
 49943 | Vaults:3 | Found a staircase to the Crypt.
 50777 | Vaults:4 | Reached skill level 20 in Spellcasting
 51976 | Vaults:5 | Entered Level 5 of the Vaults
 51978 | Vaults:5 | Reached skill level 9 in Fighting
 51978 | Vaults:5 | Reached skill level 21 in Spellcasting
 51978 | Vaults:5 | Noticed a dread lich
 51979 | Vaults:5 | Killed a dread lich
 51987 | Vaults:5 | Reached XP level 22. HP: 127/127 MP: 49/49
 51998 | Vaults:5 | Reached skill level 22 in Spellcasting
 52097 | Vaults:5 | Paralysed by a sphinx for 5 turns
 52267 | Vaults:5 | Noticed a golden dragon
 52269 | Vaults:5 | Reached skill level 23 in Spellcasting
 52648 | Vaults:5 | Killed a golden dragon
 52650 | Vaults:5 | Noticed a golden dragon
 52650 | Vaults:5 | Noticed an ancient lich
 52654 | Vaults:5 | Killed an ancient lich
 52656 | Vaults:5 | Killed a golden dragon
 52657 | Vaults:5 | Reached skill level 12 in Fighting
 52968 | Vaults:5 | Learned a level 8 spell: Maxwell's Capacitive Coupling
 52982 | Vaults:5 | Identified the scarf "Pusaikab" {harm, +Inv rPois rCorr}
 52987 | Vaults:5 | Identified the ring "Natwink" {Contam rPois rN+ Dex+3}
 52990 | Vaults:5 | Got a silver rune of Zot
 53237 | Vaults:5 | Identified the +5 ring mail "Yjiupitu" {rElec Int+3 Dex+3}
 53363 | Vaults:5 | Found the +5 Lochaber axe {reach-cleave, Poleaxe Drain}
 53369 | Vaults:5 | Found the +8 Vampire's Tooth {megavamp}
 53390 | Vaults:5 | Identified the +8 morningstar of the Uplifting Gods {flame,
                  | Drain rPois rN+ Str+2}
 53419 | Vaults:5 | Identified the +2 plate armour of the Prince of Darkness
                  | {-Tele Int+4 Slay+3}
 53423 | Vaults:5 | Identified the amulet "Derryfo" {Spirit +Blink rC+ Str+2}
 53435 | Vaults:5 | Acquired 571 gold pieces
 53473 | Vaults:5 | Identified the ring "Anwun" {rPois Int+3 Stlth+}
 53734 | Vaults:5 | Got Kypipabi's Compendium of Malisons and Therianthropy
 54175 | D:6      | Bought a scroll of teleportation for 39 gold pieces
 54175 | D:6      | Bought a scroll of fear for 52 gold pieces
 54175 | D:6      | Bought 2 scrolls of identify for 52 gold pieces
 54175 | D:6      | Bought a scroll of identify for 26 gold pieces
 54175 | D:6      | Bought a scroll of fog for 52 gold pieces
 54175 | D:6      | Bought a scroll of teleportation for 39 gold pieces
 54175 | D:6      | Bought a scroll of teleportation for 39 gold pieces
 54175 | D:6      | Bought a scroll of teleportation for 39 gold pieces
 54186 | D:6      | Bought a scroll of fear for 44 gold pieces
 54186 | D:6      | Bought a scroll of magic mapping for 82 gold pieces
 54186 | D:6      | Bought a scroll of magic mapping for 82 gold pieces
 54186 | D:6      | Bought a scroll of blinking for 82 gold pieces
 54343 | Orc:2    | Bought a potion of curing for 45 gold pieces
 54343 | Orc:2    | Bought a potion of haste for 150 gold pieces
 54343 | Orc:2    | Bought a potion of curing for 45 gold pieces
 54343 | Orc:2    | Bought a potion of heal wounds for 75 gold pieces
 54343 | Orc:2    | Bought a potion of magic for 120 gold pieces
 54417 | D:12     | Bought a potion of magic for 120 gold pieces
 54417 | D:12     | Bought a potion of heal wounds for 75 gold pieces
 54417 | D:12     | Bought a potion of haste for 150 gold pieces
 54417 | D:12     | Bought a potion of curing for 45 gold pieces
 54417 | D:12     | Bought a potion of resistance for 150 gold pieces
 54527 | Depths:1 | Entered Level 1 of the Depths
 54531 | Depths:1 | Found an ornate altar of the Wu Jian Council.
 54656 | Depths:1 | Found a bloodstained altar of Trog.
 54811 | Depths:1 | Reached skill level 24 in Spellcasting
 54966 | Depths:1 | Found Wugirph's Armour Shop.
 54976 | Depths:1 | Reached XP level 23. HP: 138/138 MP: 41/53
 55114 | Depths:1 | Found Pegil's Weapon Boutique.
 55178 | Depths:1 | Found Ijaiff's Assorted Antiques.
 55191 | Depths:1 | Found a gateway to Hell.
 55197 | Depths:1 | Bought a potion of heal wounds for 140 gold pieces
 55197 | Depths:1 | Bought a potion of resistance for 280 gold pieces
 55300 | Depths:1 | Found Necroameli's Jewellery Emporium.
 55372 | Depths:1 | Acquired 821 gold pieces
 55437 | Depths:1 | Found Jymuwum's Jewellery Boutique.
 55613 | Depths:2 | Noticed a juggernaut
 55615 | Depths:2 | Killed a juggernaut
 55626 | Depths:2 | Reached skill level 12 in Air Magic
 55627 | Depths:2 | Noticed a caustic shrike
 55631 | Depths:2 | Noticed a caustic shrike
 55633 | Depths:2 | Noticed a caustic shrike
 55634 | Depths:2 | Killed a caustic shrike
 55635 | Depths:2 | Killed a caustic shrike
 55891 | Depths:2 | Killed a caustic shrike
 55982 | Depths:2 | Noticed a caustic shrike
 55986 | Depths:2 | Killed a caustic shrike
 56469 | Depths:2 | Reached skill level 15 in Air Magic
 56522 | Depths:2 | Identified the staff of death "Bizxeim" {rElec rN+ SInv}
 56836 | Depths:2 | Paralysed by a floating eye for 2 turns
 57506 | Depths:2 | Identified the +6 whip of Success {drain, Dex+2}
 57545 | Depths:2 | Reached XP level 24. HP: 145/145 MP: 44/53
 57869 | Vaults:2 | You paid a toll of +2 gold dragon scales to enter a
                  | treasure trove
 57870 | Trove    | Entered a treasure trove
 57873 | Trove    | Identified the ring "Kusarafi" {*Slow +Blink Fly rPois rN+}
 57875 | Trove    | Identified the ring of Qazlal's Vengeance {Will+ SInv}
 57876 | Trove    | Identified the ring of Isabb {rF+ rN+ Dex-3 Slay+2}
 57879 | Trove    | Identified the ring "Powim" {rN++ Str-2 Int+6}
 57885 | Trove    | Identified the ring of Hepliaklqana's Envy {Wiz Dex+3}
 57888 | Trove    | Identified the ring of Wu Jian's Castigation {Fly Str+4}
 58189 | Depths:2 | Identified the +0 leather armour of Voqahoyst {Contam rElec
                  | rF+}
 58574 | Depths:3 | Reached skill level 25 in Spellcasting
 58821 | Depths:2 | Identified the staff of death "Cymn" {rN+ Int+3}
 58822 | Depths:2 | Identified the +7 quarterstaff "Pendulum" {drain, rElec
                  | rPois rCorr Int+3}
 58912 | Depths:3 | Found a one-way gate to the infinite horrors of the Abyss.
 59307 | Depths:4 | Entered Level 4 of the Depths
 59319 | Depths:4 | Reached skill level 26 in Spellcasting
 59538 | Depths:4 | Reached skill level 15 in Fighting
 59843 | Depths:4 | Found a broken altar of Ashenzari.
 60190 | Depths:4 | Found a gate to the Realm of Zot.
 60301 | Depths:4 | Found a one-way gateway to a ziggurat.
 60317 | Depths:4 | Found Haliulool's Antique Weapon Shop.
 60638 | Zot:1    | Entered Level 1 of the Realm of Zot
 60738 | Zot:1    | Noticed Grunn
 60742 | Zot:1    | Killed Grunn
 60746 | Zot:1    | Reached skill level 27 in Spellcasting
 60854 | Zot:1    | Noticed Vv
 60857 | Zot:1    | Killed Vv
 60965 | Zot:1    | Noticed Parghit
 60966 | Zot:1    | Killed Parghit
 60995 | Zot:1    | Reached XP level 25. HP: 14/157 MP: 53/56
 61238 | Zot:1    | Identified the +2 helmet "Rugushiori" {Harm Regen+}
 61423 | Zot:1    | Identified the amulet "Buerroux" {Acrobat rN+}
 61823 | Zot:2    | Reached skill level 12 in Dodging
 63124 | Zot:3    | Noticed a Killer Klown
 63129 | Zot:3    | Killed a Killer Klown
 63237 | Zot:3    | Reached skill level 15 in Dodging
 63960 | Zot:3    | Found a runed translucent gate.
 63960 | Zot:3    | Found a runed translucent gate.
 63960 | Zot:3    | Found a runed translucent gate.
 63960 | Zot:3    | Noticed a dread lich
 63960 | Zot:3    | Noticed an ancient lich
 63961 | Zot:3    | Found an ancient bone altar of Kikubaaqudgha.
 63961 | Zot:3    | Noticed Oriecen's ghost (master DsEE)
 63961 | Zot:3    | Noticed an ancient lich
 63962 | Zot:3    | Noticed Wysooluir's ghost (veteran OgBe)
 64547 | Zot:4    | Reached skill level 18 in Dodging
 65542 | Zot:5    | Entered Level 5 of the Realm of Zot
 66347 | Zot:5    | Noticed an ancient lich
 66349 | Zot:5    | Killed an ancient lich
 66350 | Zot:5    | Reached XP level 26. HP: 163/163 MP: 56/56
 66352 | Zot:5    | Noticed an orb of fire
 66357 | Zot:5    | Noticed a dread lich
 66358 | Zot:5    | Killed an orb of fire
 66359 | Zot:5    | Killed a dread lich
 66359 | Zot:5    | Noticed an orb of fire
 66360 | Zot:5    | Reached skill level 21 in Dodging
 66771 | Zot:5    | Noticed a dread lich
 66776 | Zot:5    | Killed a dread lich
 66814 | Zot:5    | Noticed an ancient lich
 66816 | Zot:5    | Killed an ancient lich
 66823 | Zot:5    | Killed an orb of fire
 67516 | Zot:5    | Got the Orb of Zot
 67639 | Zot:3    | Noticed Ricej the pandemonium lord
 67664 | Zot:1    | Reached skill level 24 in Dodging
 67814 | D:13     | Noticed Juxef the pandemonium lord
 67891 | D:13     | Noticed Meok Urr the pandemonium lord
 68114 | D:$      | Escaped with the Orb!

Illustrated notes

Levels and vault maps discovered:
D:1:      minmay_arrival_shattered_statue, layout_basic
D:2:      cheibrodos_pilgrimage, layout_rooms, serial_shops, shop,
          kennysheep_generic_room_3
D:3:      layout_rooms, mainiacjoe_overflow_chevrons,
          hellmonk_ecumenical_altar_defaced_shrine
D:4:      layout_loops_ring, minmay_temple_entry_nine_rooms, minmay_box_of_dots
D:5:      layout_loops_ring, nicolae_overflow_crystal_walls,
          hangedman_decor_opposing, nicolae_concentric_dashed_squares_mild,
          hangedman_decor_diamond_cutter, amcnicky_mini_corridor_feature,
          uniq_menkaure
D:6:      layout_basic, mainiacjoe_overflow_alcove_2, led_sif_pool,
          serial_shops, shop, shop, shop_fountains, nicolae_stop_n_shop_2, shop
D:7:      layout_layer_cave, good_gods_temple_1,
          nicolae_hepliaklqana_hazy_memory, uniq_duvessa
D:8:      layout_basic, mainiacjoe_overflow_concentric_impassable,
          gammafunk_ghost_wrathful_warriors, chequers_serial_rivers_room_b
D:9:      wad_lake_hut, layout_basic, minmay_misc_feat_diagonals, st_stairs_3,
          dk_noncrumbling_2
D:10:     layout_cross, st_stairs_14, eino_house_with_fridge
D:11:     layout_rooms, david_lair_generic, orc_0_dummy, xom_redecorated,
          uniq_snorg
D:12:     layout_basic, serial_shops, bzr_entry_road, nicolae_shop_waterfront,
          shop, nicolae_shop_waterfront, grunt_ministairs_2
D:13:     evilmike_diamond_1, layout_irregular_city, david_vaults_4
D:14:     layout_stronghold, serial_undead, serial_undead_d, serial_undead_a,
          serial_undead_d, serial_undead_a, minmay_staircase_statues,
          uniq_azrael, uniq_agnes, uniq_frances, uniq_josephine
D:15:     gammafunk_enter_depths_forms, layout_irregular_city,
          minmay_misc_feat_room, gauntlet_entry_generic
Temple:   nicolae_temple_god_jail
Lair:1:   layout_regular_city, ebering_ghost_disaster_area
Lair:2:   layout_cave_pods, gammafunk_ghost_cemetery, uniq_harold,
          uniq_gastronok
Lair:3:   layout_loops_ring, shoals_dummy_entry, guppyfry_snake_entry_island,
          chequers_serial_rivers_micro_c, grunt_megastairs_1
Lair:4:   layout_regular_city, nicolae_volcano_entry_two_sided,
          grunt_forest_stairs_basic
Lair:5:   due_jungle_book, layout_big_grid, dpeg_slime_entry_enclosed,
          gammafunk_ghost_ooze
Shoals:1: cheibrodos_shoals_gigantism, layout_shoals, nicolae_shoals_drake_roost
Shoals:2: layout_shoals, serial_shops, nicolae_stop_n_shop_1,
          ebering_ghost_rock_garden, nicolae_shoals_lost_giant_hut,
          nicolae_shoals_stone_sculpture_thing, nicolae_shop_firing_range
Shoals:3: layout_shoals, overgrown_hall
Shoals:4: shoals_end_simple, layout_shoals, shoal_ilsuiw, shoals_oasis,
          nicolae_shoals_loop_pool
Snake:1:  layout_chambers, nicolae_integral_box
Snake:2:  layout_misc_corridors, nicolae_snake_slithery_hallway, drop_trap,
          grunt_megastairs_5
Snake:3:  layout_concentric_octagons, serial_bayou, serial_bayou_pond_b,
          serial_bayou_shore_a, serial_bayou_shore_b, serial_bayou_shore_b,
          serial_bayou_shore_b, uniq_vashnia, uniq_roxanne
Snake:4:  hellmonk_snake_rune_quicksilver_temple, layout_chambers,
          uniq_asterion, uniq_aizul, uniq_saint_roka
Orc:1:    layout_diamond_mine, serial_shops, shop, uniq_maurice
Orc:2:    pf_orc_diabolical, layout_caves, minmay_orc_treasury
Elf:1:    layout_loops_cross, serial_shops, nicolae_shop_rolling_square,
          serial_glass, glass_columns_a, glass_columns_b,
          hangedman_elf_represent, grunt_ministairs_15
Elf:2:    elven_hall_of_blades_hangedman_alternative [nicolae_blade_lattice],
          layout_loops_ring, portal_ice_cave_entry_ice_statue_one, serial_shops,
          shop, drop_trap, minivault_15, nicolae_elf_glass_and_crystal_pillar_2
Elf:3:    minmay_elf_hall_dome, layout_geoelf_octagon, nicolae_elf_w_pinch,
          guppyfry_library_mini, uniq_louise
Vaults:1: hangedman_vaults_slither, nicolae_vaults_trapezoid_lopsided_4,
          vaults_dpeg_encased_lava, vaults_room_pools,
          nicolae_vaults_shelves_hall, vaults_mumra_chevron_long,
          layout_vaults_omnigrid, serial_shops, shop_fountains, shop,
          nicolae_shop_back_alley_shop
Vaults:2: vaults_dpeg_ring, v_misc_17, v_rooms_1, nicolae_vaults_big_ls,
          v_rooms_5, vaults_mumra_hex, ontoclasm_vaults_shuriken, v_pattern_1,
          layout_vaults_omnicross, nicolae_trove_entry_path_of_doom
Vaults:3: dpeg_vaults_monster_row, hangedman_vaults_stagger,
          nicolae_vaults_storage_room_water,
          nicolae_vaults_surprise_closet_hard, v_rooms_4,
          nicolae_vaults_network_quincunx
          [nicolae_vaults_network_quincunx_subvault,
          nicolae_vaults_network_quincunx_subvault,
          nicolae_vaults_network_quincunx_subvault,
          nicolae_vaults_network_quincunx_subvault,
          nicolae_vaults_network_quincunx_subvault],
          minmay_crypt_entry_vampire_xt, nicolae_vaults_trapezoid_lopsided_3,
          hangedman_vaults_stretched_pinwheel, v_pattern_3,
          nicolae_vaults_house_3, vaults_room_pools, ontoclasm_vaults_ligature,
          hangedman_vaults_stream, nicolae_vaults_tetromino_T_2,
          layout_vaults_omnibox
Vaults:4: nicolae_vaults_tetromino_Z_1, ontoclasm_vaults_loading_screen,
          ontoclasm_vaults_ring_square, nicolae_vaults_storage_closets_1,
          hangedman_vaults_nails, nicolae_vaults_cochlea,
          nicolae_vaults_trapezoid_lopsided_4, ontoclasm_vaults_bender,
          nicolae_vaults_network_star, layout_vaults_maze_bifur
Vaults:5: serial_shops
Depths:1: layout_basic, pf_coc_iceberg, nzn_wu_jian_council_hall,
          grunt_pan_entry_spiral, serial_shops, shop, nicolae_shop_tiny_glass,
          nicolae_square_shop, shop, nicolae_shop_hallway_plus,
          hangedman_decor_push, chequers_serial_rivers_small_b,
          grunt_decor_mini_mirrors, evilmike_spriggan_trog_shrine
Depths:2: minmay_octagon_city, layout_twisted_cross, minmay_misc_feat_plants,
          grunt_mini_vestibule, rand_demon_pan_entry_9, firewood_loft
Depths:3: minmay_bubble_buster, layout_cave_pools, hangedman_decor_riveting,
          pf_vacation_house_of_asmodeus, abyss_entry, grunt_tough_drop
Depths:4: grunt_zot_entry_alcove, layout_basic, enter_ziggurat_e,
          abyss_entry_small_statue_room, hell_entry,
          ashenzari_conservatory_becter, serial_shops,
          nicolae_shop_window_shopping, pan_entry
Zot:1:    layout_cellular_growth, uniq_parghit, uniq_grunn, uniq_vv
Zot:2:    layout_gridlike, hangedman_zot_diagonal_lockstep, grunt_megastairs_3
Zot:3:    layout_gridlike, gammafunk_ghost_crypt, uniq_josephina
Zot:4:    layout_gridlike
Zot:5:    layout_misc_corridors

Skill      XL: |  1  2  3  4  5  6  7  8  9 10 11 12 13 14 15 16 17 18 19 20 21 22 23 24 25 26 |
---------------+-------------------------------------------------------------------------------+-----
Hexes          | 1 2 3 4 5 8 9 |  9.0
Conjurations   | 5 6 7 8 9 10 11 12 | 12.0
Spellcasting   | 4 5 6 9 11 12 14 15 16 18 21 24 27 | 27.0
Translocations | 4 |  4.0
Fighting       | 2 5 6 10 12 13 16 | 16.0
Dodging        | 4 7 9 10 11 20 24 | 24.4
Stealth        | 4 5 |  5.0
Fire Magic     | 1 10 11 | 11.0
Air Magic      | 2 10 15 | 15.0
Ice Magic      | 1 12 13 14 19 22 | 22.0
Earth Magic    | 11 17 21 22 | 22.0
Transmutations | 5 |  5.0
Shields        | 5 |  5.0

Action                     |  1- 3 |  4- 6 |  7- 9 | 10-12 | 13-15 | 16-18 | 19-21 | 22-24 | 25-27 || total
---------------------------+-------+-------+-------+-------+-------+-------+-------+-------+-------++-------
  Melee: Staff             |       |       |     2 |       |     2 |       |     2 |       |     2 ||     8
   Cast: Magic Dart        |    58 |    88 |    40 |       |       |       |       |       |       ||   186
         Searing Ray       |     3 |    16 |    11 |     2 |     9 |       |       |       |       ||    41
         Fulminant Prism   |       |     3 |    69 |   128 |    75 |       |       |       |       ||   275
         Iskenderun's Myst |       |       |     7 |    48 |    31 |     7 |       |       |       ||    93
         Starburst         |       |       |       |    30 |    39 |       |       |       |       ||    69
         Plasma Beam       |       |       |       |       |   329 |   247 |    26 |     2 |       ||   604
         Ozocubu's Refrige |       |       |       |       |    17 |   116 |     1 |       |       ||   134
         Shatter           |       |       |       |       |       |   111 |   343 |   307 |   186 ||   947
         Lehudib's Crystal |       |       |       |       |       |    15 |     7 |       |     1 ||    23
         Statue Form       |       |       |       |       |       |    19 |    28 |    31 |    41 ||   119
         Polar Vortex      |       |       |       |       |       |       |    11 |    62 |    27 ||   100
         Maxwell's Capacit |       |       |       |       |       |       |       |     2 |    32 ||    34
Ability: End Transformatio |       |       |       |       |       |       |       |       |     4 ||     4
    Use: Scroll            |       |     8 |    13 |     5 |     8 |     7 |     5 |     8 |     2 ||    56
         Potion            |       |       |       |       |     1 |     4 |     4 |     2 |    12 ||    23
 Armour: Robe              |       |     3 |     5 |    12 |    41 |    19 |    18 |     7 |     8 ||   113
         Skin              |       |       |       |       |       |    52 |    73 |   123 |    77 ||   325
  Dodge: Dodged            |     2 |     8 |    26 |    27 |   104 |    86 |    84 |   143 |   148 ||   628
  Block: Buckler           |       |       |       |       |       |       |     6 |    47 |    24 ||    77

Table legend: (Time is in decaauts)
 A = Elapsed time spent in this place.
 B = Non-inter-level travel time spent in this place.
 C = Inter-level travel time spent in this place.
 D = Time resting spent in this place.
 E = Time spent auto-exploring this place.
 F = Levels seen in this place.
 G = Mean time per level.
                   A        B        C        D        E       F      G
               +--------+--------+--------+--------+--------+-----+--------+
         Total |  71772 |  65335 |   6437 |  15050 |  36635 |  53 | 1354.2 |
       Dungeon |  19517 |  16994 |   2523 |   3279 |  10922 |  15 | 1301.1 |
        Temple |     49 |     39 |     10 |      0 |     22 |   1 |   49.0 |
          Lair |   7413 |   6646 |    767 |   1388 |   3862 |   5 | 1482.6 |
        Shoals |   4542 |   4352 |    190 |   1080 |   2307 |   4 | 1135.5 |
     Snake Pit |   7282 |   6536 |    746 |   1878 |   3737 |   4 | 1820.5 |
  Orcish Mines |   3667 |   3308 |    359 |    975 |   1469 |   2 | 1833.5 |
   Elven Halls |   5077 |   4805 |    272 |   1327 |   2266 |   3 | 1692.3 |
        Vaults |   7802 |   7171 |    631 |   1238 |   4585 |   5 | 1560.4 |
        Depths |   6368 |   5965 |    403 |   1407 |   3236 |   4 | 1592.0 |
           Zot |   8111 |   7580 |    531 |   2255 |   3341 |   5 | 1622.2 |
        Bazaar |    110 |    110 |      0 |      0 |     45 |   1 |  110.0 |
         Trove |     62 |     62 |      0 |      0 |     10 |   1 |   62.0 |
      Ice Cave |    651 |    651 |      0 |     72 |    358 |   1 |  651.0 |
       Volcano |    663 |    663 |      0 |     64 |    291 |   1 |  663.0 |
      Gauntlet |    450 |    450 |      0 |     86 |    180 |   1 |  450.0 |
               +--------+--------+--------+--------+--------+-----+--------+

Top non-repeatable levels by time:
   Orc:2: 2821 daAuts
    D:13: 2405 daAuts
 Snake:3: 2204 daAuts
  Lair:5: 2083 daAuts
   Zot:4: 2061 daAuts
Depths:2: 2022 daAuts
Depths:1: 1945 daAuts
 Snake:4: 1865 daAuts
     D:9: 1779 daAuts
 Snake:1: 1774 daAuts
   Zot:5: 1772 daAuts
   Elf:1: 1768 daAuts
Vaults:4: 1759 daAuts
    D:14: 1687 daAuts
   Elf:3: 1674 daAuts
